 Dungeon Crawl Stone Soup version 0.31-a0-963-ga325b2283a (webtiles) character file.

Game seed: 16347579834914451960

23 sammy202020 the Trooper (level 3, 24/24 HPs)
             Began as a Gargoyle Berserker on Oct 26, 2023.
             Was a Follower of Trog.
             Quit the game on level 1 of the Dungeon.
             The game lasted 00:01:26 (559 turns).

sammy202020 the Trooper (Gargoyle Berserker)         Turns: 559, Time: 00:01:26

Health: 24/24      AC:  8    Str: 20    XL:     3   Next: 0%
Magic:  3/3        EV: 11    Int:  9    God:    Trog [*.....]
Gold:   81         SH:  0    Dex:  9    Spells: 2/2 levels left

rFire   . . .        a - +0 mace
rCold   . . .        (no shield)
rNeg    + . .        j - +0 ring mail
rPois   ∞            (no helmet)
rElec   +            (no cloak)
rCorr   .            (no gloves)
SInv    .            (no boots)
Will    .....        (no amulet) Stlth
                     (no ring)
HPRegen 0.24/turn    (no ring)
MPRegen 0.08/turn

%: no passive effects
@: about to teleport, weak-willed
A: sickness immunity, AC +3, negative energy resistance 1, electricity
resistance, torment resistance 1, petrification resistance, deterioration 1
a: Renounce Religion, Berserk


You were on level 1 of the Dungeon.
You worshipped Trog.
Trog was aware of your devotion.
You visited 1 branch of the dungeon, and saw 1 of its levels.

You collected 81 gold pieces.

Inventory:

Hand Weapons
 a - a +0 mace (weapon)
Missiles
 e - 3 curare-tipped darts
Armour
 j - a +0 ring mail (worn)
Scrolls
 f - a scroll of immolation
Potions
 i - 2 potions of attraction


   Skills:
 * Level 3.7 Fighting
 * Level 3.3 Maces & Flails
 * Level 2.6 Armour
 + Level 1.8 Dodging


You had 2 spell levels left.
You didn't know any spells.
Your spell library was empty.

Dungeon Overview and Level Annotations

Branches:
Dungeon (1/15)

Altars:


Innate Abilities, Weirdness & Mutations

You are immune to sickness and miasma.
Your stone body is resilient. (AC +3)
You are immune to poison.
You resist negative energy. (rN+)
You are resistant to electric shocks. (rElec)
You are resistant to unholy torment.
You are immune to petrification.
Your body sometimes deteriorates upon taking damage.


Message History

You drop a +0 leather armour.
Found a dagger.
You see here a +0 dagger.
You open the door.
You now have 81 gold pieces (gained 6).
g - a scroll labelled WAPNOU GUIMM Done exploring.
No target in view!
No target in view!
No target in view!
No target in view!
No target in view!
No target in view!
No target in view!
Done exploring.
Done exploring.
Done exploring.
No target in view!
As you read the scroll labelled SOBYUQOTIJ, it crumbles to dust.
Magic quickly surges around you.
It was a scroll of vulnerability.
As you read the scroll labelled AGAAHIMMILEA, it crumbles to dust.
It is a scroll of identify.
c - a potion of mutation
As you read the scroll of identify, it crumbles to dust.
i - 2 potions of attraction
As you read the scroll labelled JEONUGHENUCH, it crumbles to dust.
The air around you briefly surges with heat, but it dissipates.
It was a scroll of immolation.
As you read the scroll labelled WAPNOU GUIMM, it crumbles to dust.
You feel strangely unstable.
It was a scroll of teleportation.
As you read the scroll labelled MOPLAT XUSM, it crumbles to dust.
You assume a fearsome visage.
Nothing appears to happen.
It was a scroll of fear.
Okay, then.
You feel extremely strange.
You feel yourself wasting away.
Are you sure you want to abandon this character and quit the game? (Confirm with "yes".)
Okay, then.
Okay, then.
Are you sure you want to abandon this character and quit the game? (Confirm with "yes".)

......................####.....#
###......>............# #.....##
......................# #......#
......................# #......#
##...........####...######.......
..................#.............#
................................#
...............#####.#####......#
......########..@.............[..
.................##........##...#
.....###########...........##...#
.....# ####..[.....##(..# ######
#........##.... #........##...#
############### ## #.


There were no monsters in sight!

Vanquished Creatures
  4 endoplasms (D:1)
  A giant cockroach (D:1)
  3 goblins (D:1)
  A hobgoblin (D:1)
  4 jackals (D:1)
  A kobold (D:1)
  A quokka (D:1)
  3 ball pythons (D:1)
18 creatures vanquished.

Notes
Turn   | Place    | Note
-------+----------+-------------------------------------------
     0 | D:1      | sammy202020 the Gargoyle Berserker began the quest for the
                  | Orb.
     0 | D:1      | Reached XP level 1. HP: 14/14 MP: 1/1
   111 | D:1      | Reached XP level 2. HP: 9/19 MP: 2/2
   168 | D:1      | Found a faded altar of an unknown god.
   326 | D:1      | Reached XP level 3. HP: 21/24 MP: 3/3
   558 | D:1      | Gained mutation: Your body sometimes deteriorates upon
                  | taking damage. [potion of mutation]
   559 | D:1      | Quit the game

Illustrated notes

Levels and vault maps discovered:
D:1:      minmay_arrival_doors, layout_rooms,
          dreamdust_ecumenical_altar_statues,
          nicolae_concentric_dashed_squares_mild

Action                     || total
---------------------------++-------
  Melee: Mace              ||    46
 Invoke: Berserk           ||     1
    Use: Scroll            ||     6
         Potion            ||     1
 Armour: Animal skin       ||    22
         Leather armour    ||    14
  Dodge: Dodged            ||    45

Table legend: (Time is in decaauts)
 A = Elapsed time spent in this place.
 B = Non-inter-level travel time spent in this place.
 C = Inter-level travel time spent in this place.
 D = Time resting spent in this place.
 E = Time spent auto-exploring this place.
 F = Levels seen in this place.
 G = Mean time per level.
                   A        B        C        D        E       F      G
               +--------+--------+--------+--------+--------+-----+--------+
         Total |    579 |    579 |      0 |      0 |    387 |   1 |  579.0 |
       Dungeon |    579 |    579 |      0 |      0 |    387 |   1 |  579.0 |
               +--------+--------+--------+--------+--------+-----+--------+

Top non-repeatable levels by time:
     D:1: 579 daAuts
